 Dungeon Crawl Stone Soup version 0.21.1-74-g47da925 (webtiles) character file.

621 asishallab the Charmwright (level 7, -13/56 HPs)
             Began as a Gnoll Skald on Aug 13, 2018.
             Was an Initiate of Gozag.
             Mangled by Shutra's ghost (18 damage)
             ... on level 5 of the Dungeon.
             The game lasted 00:15:36 (4668 turns).

asishallab the Charmwright (Gnoll Skald)            Turns: 4668, Time: 00:15:36

Health: -13/56     AC:  8    Str: 13    XL:     7   Next: 46%
Magic:  7/15       EV: 13    Int: 15    God:    Gozag
Gold:   400        SH:  5    Dex: 17    Spells: 6/17 levels left

rFire    + . .     SeeInvis .   a - +4 dagger (venom)
rCold    + . .     Gourm    .   s - +0 buckler
rNeg     . . .     Faith    .   e - +1 ring mail {rC+}
rPois    +         Spirit   .   (no helmet)
rElec    .         Reflect  .   B - scarf {cloud immunity}
rCorr    .         Harm     +   C - +1 pair of gloves
MR       .....                  (no boots)
Stlth    ++........             t - amulet of harm
HPRegen  1.18/turn              r - ring of poison resistance
MPRegen  0.14/turn              w - ring of protection from fire

@: regenerating
A: distributed training, fangs 1, strong nose
a: Potion Petition, Call Merchant, Bribe Branch, Renounce Religion


You were on level 5 of the Dungeon.
You worshipped Gozag.
Gozag was aware of your devotion.
You were not hungry.

You visited 1 branch of the dungeon, and saw 5 of its levels.

You collected 400 gold pieces.

Inventory:

Hand Weapons
 a - a +4 dagger of venom (weapon)
 b - a +0 hunting sling
 f - a +4 dagger of pain
 g - a +0 dagger
 o - a +0 hand axe
Missiles
 h - 71 stones (quivered)
 u - a sling bullet
Armour
 e - a +1 ring mail of cold resistance (worn)
 s - a +0 buckler (worn)
 z - a +0 chain mail of magic resistance
 B - a scarf of cloud immunity (worn)
 C - a +1 pair of gloves (worn)
Jewellery
 r - a ring of poison resistance (left hand)
 t - an amulet of harm (around neck)
 v - an uncursed ring of flight
 w - a ring of protection from fire (right hand)
Scrolls
 k - 2 scrolls of remove curse
 n - 2 scrolls of enchant armour
 x - 3 scrolls of amnesia {unknown}
 y - a scroll of immolation {unknown}
Potions
 i - a potion of heal wounds
 j - 6 potions of curing {unknown}
 l - a potion of brilliance {unknown}
 q - a potion of haste {unknown}
 D - a potion of might {unknown}
Books
 c - a book of Battle

   Spells                             Type                      Level
   a - Infusion                       Charms                       1
   b - Shroud of Golubria             Charms/Translocation         2
   c - Song of Slaying                Charms                       2
   d - Spectral Weapon                Hexes/Charms                 3
   e - Regeneration                   Charms/Necromancy            3
 A - a book of the Earth

   Spells                             Type                      Level
   a - Leda's Liquefaction            Hexes/Earth                  4
   b - Bolt of Magma                  Conjuration/Fire/Earth       5
   c - Statue Form                    Transmutation/Earth          6
   d - Iron Shot                      Conjuration/Earth            6
   e - Shatter                        Earth                        9
Comestibles
 d - 5 rations


   Skills:
 + Level 5.2 Fighting
 + Level 2.4 Short Blades
 + Level 2.4 Long Blades
 + Level 5.2 Axes
 + Level 2.4 Maces & Flails
 + Level 2.4 Polearms
 + Level 2.4 Staves
 + Level 2.4 Slings
 + Level 2.4 Bows
 + Level 2.4 Crossbows
 + Level 2.4 Throwing
 + Level 3.6 Armour
 + Level 5.2 Dodging
 + Level 2.4 Stealth
 + Level 2.4 Shields
 + Level 2.4 Unarmed Combat
 + Level 5.6 Spellcasting
 + Level 2.0 Conjurations
 + Level 2.0 Hexes
 + Level 5.8 Charms
 + Level 2.0 Summonings
 + Level 2.0 Necromancy
 + Level 2.0 Translocations
 + Level 2.0 Transmutations
 + Level 2.0 Fire Magic
 + Level 2.0 Ice Magic
 + Level 2.0 Air Magic
 + Level 2.0 Earth Magic
 + Level 2.0 Poison Magic
 + Level 2.7 Invocations
 + Level 2.4 Evocations


You had 6 spell levels left.
You knew the following spells:

 Your Spells              Type           Power        Failure   Level  Hunger
a - Infusion              Chrm           ###.         3%          1    None
b - Shroud of Golubria    Chrm/Tloc      ###.......   12%         2    #......
c - Song of Slaying       Chrm           ###.....     5%          2    #......
d - Spectral Weapon       Hex/Chrm       ###.....     22%         3    ###....
e - Regeneration          Chrm/Necr      ###.......   22%         3    ###....


Dungeon Overview and Level Annotations

Branches:
Dungeon (5/15)
 Temple: D:4-7

Altars:
Gozag
Ru

Annotations:
D:5 Shutra's ghost, novice GnSk


Innate Abilities, Weirdness & Mutations

Your experience applies equally to all skills.
You have very sharp teeth.
Your uncanny sense of smell can sniff out nearby items.


Message History

Shutra's ghost barely misses you. The worker ant misses you.
You closely miss the worker ant. Shutra's ghost hits you!
Your shroud falls apart!
The worker ant misses you. The worker ant barely misses you.
You see here a fizzy grey potion.
Your skin is crawling a little less now.
The worker ant barely misses you. Shutra's ghost hits you!!
* * * LOW HITPOINT WARNING * * *
Your skin stops crawling.
Casting: Regeneration
Confirm with . or Enter, or press ? or * to list all spells.
Space distorts slightly along a thin shroud covering your body.
Shutra's ghost barely misses you.
Casting: Shroud of Golubria
Confirm with . or Enter, or press ? or * to list all spells.
Your skin crawls.
Shutra's ghost hits you!
You die...
Your body crumbles into a pile of gold.

............##...#
...[.........>...#
.......!....#.#.#
..!........$#.#.#
..........#...#.#
..........#...#.#############
..........##.................
#########.##..##############.
#.aW@.# #.......##.
####..#####.#####.##.
#............#.##.
#########...####.#.#.#.##.
#.......#...# #.#.#.#.##.
#.#####.#...## #.###.#.##.
#.# #.#....# #.....#.##. ∆#.#
#.....%# #######.##.
#.#######..#(#########.##.


You could see a worker ant and Shutra's ghost.

Vanquished Creatures
  A sky beast (D:5)
  The ghost of Babajanus the Skirmisher, an amateur MiMo (D:3)
  2 bullfrog zombies
  4 orc wizards (D:4)
  An orc priest (D:3)
  A bullfrog skeleton (D:2)
  Jessica (D:2)
  A worker ant (D:4)
  4 adders
  A shadow imp (D:5)
  4 worms
  4 dart slugs
  A leopard gecko (D:1)
  13 orcs (D:3)
  11 goblins
  7 hobgoblins
  10 kobolds
  3 quokkas
  8 bats
  5 frilled lizards
  7 rats
90 creatures vanquished.

Notes
Turn   | Place    | Note
-------+----------+-------------------------------------------
     0 | D:1      | asishallab the Gnoll Skald began the quest for the Orb.
     0 | D:1      | Reached XP level 1. HP: 20/20 MP: 6/6
   136 | D:1      | Reached XP level 2. HP: 26/26 MP: 7/7
   460 | D:1      | Reached XP level 3. HP: 21/31 MP: 9/9
   563 | D:1      | Learned a level 2 spell: Shroud of Golubria
   566 | D:1      | Learned a level 2 spell: Song of Slaying
   570 | D:1      | Learned a level 3 spell: Spectral Weapon
   574 | D:1      | Learned a level 3 spell: Regeneration
   646 | D:1      | Reached skill level 5 in Spellcasting
  1151 | D:2      | Reached skill level 1 in Short Blades
  1151 | D:2      | Reached skill level 1 in Long Blades
  1151 | D:2      | Reached skill level 1 in Maces & Flails
  1151 | D:2      | Reached skill level 1 in Polearms
  1151 | D:2      | Reached skill level 1 in Staves
  1151 | D:2      | Reached skill level 1 in Slings
  1151 | D:2      | Reached skill level 1 in Bows
  1151 | D:2      | Reached skill level 1 in Crossbows
  1151 | D:2      | Reached skill level 1 in Throwing
  1151 | D:2      | Reached skill level 1 in Stealth
  1151 | D:2      | Reached skill level 1 in Shields
  1151 | D:2      | Reached skill level 1 in Unarmed Combat
  1151 | D:2      | Reached skill level 1 in Invocations
  1151 | D:2      | Reached skill level 1 in Evocations
  1151 | D:2      | Reached XP level 4. HP: 26/38 MP: 11/11
  1318 | D:2      | Noticed Jessica
  1326 | D:2      | Killed Jessica
  1326 | D:2      | Reached skill level 1 in Conjurations
  1326 | D:2      | Reached skill level 1 in Hexes
  1326 | D:2      | Reached skill level 1 in Summonings
  1326 | D:2      | Reached skill level 1 in Necromancy
  1326 | D:2      | Reached skill level 1 in Translocations
  1326 | D:2      | Reached skill level 1 in Transmutations
  1326 | D:2      | Reached skill level 1 in Fire Magic
  1326 | D:2      | Reached skill level 1 in Ice Magic
  1326 | D:2      | Reached skill level 1 in Air Magic
  1326 | D:2      | Reached skill level 1 in Earth Magic
  1326 | D:2      | Reached skill level 1 in Poison Magic
  1912 | D:2      | Found a faded altar of an unknown god.
  1960 | D:2      | Became a worshipper of Gozag Ym Sagoz the Greedy
  2008 | D:2      | Reached XP level 5. HP: 43/43 MP: 12/12
  2316 | D:3      | Noticed Babajanus's ghost (amateur MiMo)
  2808 | D:3      | Killed Babajanus's ghost
  2808 | D:3      | Reached XP level 6. HP: 16/50 MP: 0/13
  3612 | D:4      | Reached skill level 5 in Fighting
  3612 | D:4      | Reached skill level 5 in Axes
  3612 | D:4      | Reached skill level 5 in Dodging
  3776 | D:4      | Found a sacrificial altar of Ru.
  4142 | D:4      | Reached XP level 7. HP: 56/56 MP: 15/15
  4294 | D:5      | Entered Level 5 of the Dungeon
  4641 | D:5      | Noticed Shutra's ghost (novice GnSk)
  4668 | D:5      | Mangled by Shutra's ghost

Skill      XL: |  1  2  3  4  5  6  7 |
---------------+----------------------+-----
Spellcasting   | 5 |  5.6
Short Blades   | 1 2 |  2.4
Long Blades    | 1 2 |  2.4
Maces & Flails | 1 2 |  2.4
Polearms       | 1 2 |  2.4
Staves         | 1 2 |  2.4
Slings         | 1 2 |  2.4
Bows           | 1 2 |  2.4
Crossbows      | 1 2 |  2.4
Throwing       | 1 2 |  2.4
Stealth        | 1 2 |  2.4
Shields        | 1 2 |  2.4
Unarmed Combat | 1 2 |  2.4
Invocations    | 1 2 |  2.7
Evocations     | 1 2 |  2.4
Conjurations   | 1 2 |  2.0
Hexes          | 1 2 |  2.0
Summonings     | 1 2 |  2.0
Necromancy     | 1 2 |  2.0
Translocations | 1 2 |  2.0
Transmutations | 1 2 |  2.0
Fire Magic     | 1 2 |  2.0
Ice Magic      | 1 2 |  2.0
Air Magic      | 1 2 |  2.0
Earth Magic    | 1 2 |  2.0
Poison Magic   | 1 2 |  2.0
Armour         | 3 |  3.6
Fighting       | 5 |  5.2
Axes           | 5 |  5.2
Dodging        | 5 |  5.2
Charms         | |  5.8

Action                   |  1- 3 |  4- 6 |  7- 9 || total
-------------------------+-------+-------+-------++-------
Melee: Hand axe          |    95 |    33 |     3 ||   131
       Bite              |     7 |    15 |     6 ||    28
       Punch             |     1 |       |       ||     1
       Dagger            |       |   155 |    37 ||   192
 Fire: Hunting sling     |       |     6 |     6 ||    12
Throw: Stone             |    36 |       |       ||    36
 Cast: Regeneration      |     1 |     3 |     3 ||     7
       Shroud of Golubri |     1 |     2 |     3 ||     6
       Infusion          |       |     1 |       ||     1
       Song of Slaying   |       |     1 |       ||     1
       Spectral Weapon   |       |     1 |       ||     1
  Use: Scroll            |       |     5 |     2 ||     7
       Potion            |       |       |     1 ||     1
 Stab: Paralysed         |       |     1 |       ||     1
  Eat: Chunk             |     1 |     2 |       ||     3
       Ration            |       |     3 |       ||     3
Armor: Ring mail         |    22 |    48 |    11 ||    81
Dodge: Dodged            |    62 |    87 |    33 ||   182
Block: Buckler           |       |    26 |     8 ||    34
